[Event "Titled Tuesday Blitz June 13 Early 2023"]
[White "Slavin, Alexey"]
[Black "Zhao, Erick"]
[WhiteFideId "24104388"]
[BlackFideId "30946930"]
[WhiteElo "2264"]
[BlackElo "2580"]
[Result "0-1"]
[Round "3"]
[TimeControl "180+2"]
[Date "2023.06.13"]
[WhiteClock "0:00:14"]
[BlackClock "0:01:31"]
[Board "137"]

1. e4 e5 2. Nf3 Nc6 3. c3 d6 4. d4 Nf6 5. Bd3 exd4 6. cxd4 g6 7. O-O Bg7 8. Nc3 O-O 9. h3 a6 10. Re1 b5 11. a3 Bb7 12. Bg5 h6 13. Bh4 g5 14. Bg3 Nh5 15. Bh2 Nf4 16. Bc2 b4 17. axb4 Nxb4 18. Bb3 c5 19. Bxf4 gxf4 20. Qd2 Qf6 21. d5 Rae8 22. Rad1 Bc8 23. Ba4 Re7 24. e5 dxe5 25. d6 Re6 26. d7 Bxd7 27. Qxd7 Qg6 28. Nd5 e4 29. Nh4 Qg5 30. Nxb4 cxb4 31. Bb3 Qxh4 32. Bxe6 fxe6 33. Qxe6+ Kh8 34. Qxe4 Qg5 35. Rd5 Qf6 36. b3 f3 37. Qxf3 Qb2 38. Qd3 Qxf2+ 39. Kh2 Qxe1 40. Rd8 Be5+ 41. g3 Qxg3+ 42. Kh1 Qh2# 0-1


[Site "https://www.chess.com"]

[Event "Titled Tuesday Blitz June 13 Early 2023"]
[White "Moksh Amit Doshi"]
[Black "Chuemsakul, Sarocha"]
[WhiteFideId "25064967"]
[BlackFideId "6203710"]
[WhiteElo "2297"]
[BlackElo "1686"]
[Result "1-0"]
[Round "3"]
[TimeControl "180+2"]
[Date "2023.06.13"]
[WhiteClock "0:00:11"]
[BlackClock "0:00:00"]
[Board "138"]

1. e4 c5 2. Nf3 d6 3. d4 cxd4 4. Nxd4 Nf6 5. Nc3 a6 6. Be3 e5 7. Nb3 Be6 8. Qd2 Nbd7 9. f3 b5 10. O-O-O Qc7 11. g4 h6 12. Kb1 Be7 13. h4 b4 14. Nd5 Bxd5 15. exd5 Nb6 16. Qxb4 Nbxd5 17. Qa4+ Qd7 18. Qxd7+ Kxd7 19. Bf2 a5 20. g5 hxg5 21. hxg5 Rxh1 22. gxf6 Rxf1 23. Rxf1 Bxf6 24. Rd1 Ke6 25. a4 Bg5 26. Re1 Bf4 27. Nd4+ Kd7 28. Nb5 Kc6 29. Rd1 Ne3 30. Rxd6+ Kb7 31. Rd7+ Kc6 32. Rc7+ Kd5 33. Rc3 Rh8 34. Bxe3 Bxe3 35. Rxe3 f5 36. Nc3+ Ke6 37. Kc1 g5 38. Kd2 Rh2+ 39. Re2 Rh3 40. Rf2 g4 41. fxg4 f4 42. Ke2 Rg3 43. Ne4 Rxg4 44. Kf3 Rh4 45. Rd2 Rh3+ 46. Kg4 Re3 47. Rd6+ Ke7 48. Kf5 Rxe4 49. Re6+ Kd7 50. Ra6 Rxa4 51. Kxe5 Ra2 52. Rb6 f3 53. Rf6 Rxb2 54. Rxf3 Kc6 55. Rc3+ Kb5 56. Kd4 a4 57. Rc5+ Kb4 58. Rc4+ Kb5 59. Rc5+ Kb4 60. Rc4+ Kb5 61. Rc8 1-0


[Site "https://www.chess.com"]

[Event "Titled Tuesday Blitz June 13 Early 2023"]
[White "Bashirli, Saadat"]
[Black "Skliarov, Viktor"]
[WhiteFideId "13429990"]
[BlackFideId "14106736"]
[WhiteElo "1408"]
[BlackElo "2317"]
[Result "1/2-1/2"]
[Round "3"]
[TimeControl "180+2"]
[Date "2023.06.13"]
[WhiteClock "0:00:03"]
[BlackClock "0:00:05"]
[Board "139"]

1. d4 Nf6 2. e3 g6 3. f4 Bg7 4. Bd3 O-O 5. Nf3 d6 6. O-O c5 7. c3 b6 8. Nbd2 Ba6 9. Bxa6 Nxa6 10. Qe2 Nc7 11. e4 cxd4 12. cxd4 Rc8 13. b3 Qd7 14. Bb2 Qb5 15. Qxb5 Nxb5 16. Rac1 h6 17. a4 Nc7 18. Kf2 Ne6 19. g3 d5 20. e5 Ne4+ 21. Nxe4 dxe4 22. Nd2 Rcd8 23. Ke3 f5 24. Rc6 Kf7 25. Rfc1 Rd5 26. b4 Rfd8 27. Nb3 g5 28. b5 gxf4+ 29. gxf4 h5 30. R1c2 Bh6 31. Rxe6 Bxf4+ 32. Kxf4 Kxe6 33. Rc6+ Kd7 34. Kxf5 e3 35. Ke4 e2 36. Bc3 e6 37. Bb4 Rg8 38. Rc1 Rg2 39. h3 Rg3 40. Nd2 Rxh3 41. Nf3 Rg3 42. Rh1 h4 43. Rxh4 Kc8 44. Rh8+ Kb7 45. Rh7+ Kc8 46. Rh8+ Kb7 47. Rh1 Rd7 48. Rc1 Rg2 49. Ke3 Rh7 50. Re1 Rh3 51. Rxe2 Rgg3 52. Rf2 a5 53. Bc3 Rg4 54. Bd2 Rgg3 55. Bc3 Rg4 56. Bb2 Rgg3 57. Bc3 1/2-1/2


[Site "https://www.chess.com"]

[Event "Titled Tuesday Blitz June 13 Early 2023"]
[White "Czerw, Dawid"]
[Black "Rian, Kapriaga"]
[WhiteFideId "1145746"]
[BlackFideId "7103263"]
[WhiteElo "2144"]
[BlackElo "2340"]
[Result "1/2-1/2"]
[Round "3"]
[TimeControl "180+2"]
[Date "2023.06.13"]
[WhiteClock "0:00:04"]
[BlackClock "0:00:06"]
[Board "140"]

1. e4 c6 2. Nc3 d5 3. Qf3 Nf6 4. e5 Nfd7 5. d4 e6 6. Nh3 Be7 7. Nf4 b5 8. Nh5 Bf8 9. h4 b4 10. Ne2 Ba6 11. Rh3 c5 12. Rg3 g6 13. Bg5 Qa5 14. Nf6+ Nxf6 15. Qxf6 Rg8 16. Rf3 Qc7 17. O-O-O Nc6 18. Nf4 Bxf1 19. Nxe6 Qd7 20. Nxf8 Rxf8 21. e6 Qd6 22. exf7+ Kd7 23. Qxd6+ Kxd6 24. dxc5+ Kd7 25. Rxf1 Ne5 26. Re3 Nxf7 27. Re7+ Kc6 28. Rfe1 Nxg5 29. hxg5 Rxf2 30. R1e6+ Kxc5 31. c3 bxc3 32. bxc3 Rc8 33. Rxa7 Kc4 34. Re3 d4 35. Ra4+ Kb5 36. Rxd4 Rxg2 37. Re5+ Rc5 38. Re6 Rxc3+ 39. Kb1 Rh3 40. Rd5+ Kc4 41. Rd1 Rhh2 42. Re4+ Kc5 43. Re5+ Kc4 44. Re4+ Kc3 45. Re3+ Kc4 46. Re4+ 1/2-1/2


[Site "https://www.chess.com"]

[Event "Titled Tuesday Blitz June 13 Early 2023"]
[White "Garrido, Denis"]
[Black "Shuvalov, Evgenij"]
[WhiteFideId "601217"]
[BlackFideId "4187237"]
[WhiteElo "2324"]
[BlackElo "2080"]
[Result "1-0"]
[Round "3"]
[TimeControl "180+2"]
[Date "2023.06.13"]
[WhiteClock "0:00:18"]
[BlackClock "0:00:00"]
[Board "141"]

1. e4 e6 2. d4 d5 3. exd5 exd5 4. Nf3 Nf6 5. Bd3 c5 6. O-O c4 7. Re1+ Be7 8. Bf1 O-O 9. b3 cxb3 10. axb3 Nc6 11. Ne5 Nxe5 12. dxe5 Ne4 13. Bd3 Bb4 14. c3 Bc5 15. Be3 Bxe3 16. Rxe3 Be6 17. Nd2 Nxd2 18. Qxd2 Qg5 19. Ra4 h6 20. f4 Qh5 21. Be2 Bg4 22. Bxg4 Qxg4 23. Qxd5 Rad8 24. Qf3 Rd1+ 25. Kf2 Qd7 26. Re2 b5 27. Raa2 a5 28. Qe4 Qa7+ 29. Kg3 Rfd8 30. Kh3 Qd7+ 31. e6 fxe6 32. Qxe6+ Qxe6+ 33. Rxe6 R8d3+ 34. g3 Rxc3 35. Rxa5 Rxb3 36. Ra7 Rd8 37. Ree7 g5 38. f5 Rf3 39. Kg4 Rf2 40. Rg7+ Kh8 41. Rh7+ Kg8 42. Rxh6 Rd4+ 43. Kxg5 Rd5 44. Kg6 Rd6+ 45. Kg5 Rxh6 46. Kxh6 Rxf5 47. g4 Rc5 48. h4 Rc4 49. Kh5 b4 50. Rb7 Kf8 51. g5 Ke8 52. g6 Kf8 53. Kg5 Rc5+ 54. Kh6 Rc4 55. g7+ 1-0


[Site "https://www.chess.com"]

[Event "Titled Tuesday Blitz June 13 Early 2023"]
[White "Portela Peleteiro, Alberto"]
[Black "Bashkansky, Ethan"]
[WhiteFideId "22276106"]
[BlackFideId "2071533"]
[WhiteElo "2353"]
[BlackElo "2310"]
[Result "1-0"]
[Round "3"]
[TimeControl "180+2"]
[Date "2023.06.13"]
[WhiteClock "0:01:30"]
[BlackClock "0:00:00"]
[Board "142"]

1. e4 c6 2. d4 d5 3. exd5 cxd5 4. Bd3 Nc6 5. c3 Nf6 6. Bf4 g6 7. Nf3 Bf5 8. Bxf5 gxf5 9. O-O e6 10. Re1 Bd6 11. Ne5 Qc7 12. Nd2 O-O-O 13. Bg5 Ne4 14. Bxd8 Rxd8 15. Nxe4 fxe4 16. f4 Rg8 17. Kh1 Ne7 18. Qh5 f6 19. Qxh7 fxe5 20. fxe5 Bxe5 21. dxe5 Rg5 22. Rf1 Kd7 23. Rf7 Qd8 24. Raf1 Rxe5 25. Rxe7+ Qxe7 26. Rf7 Qxf7 27. Qxf7+ Kc6 28. Qe8+ Kd6 29. Qb8+ 1-0


[Site "https://www.chess.com"]

[Event "Titled Tuesday Blitz June 13 Early 2023"]
[White "ATM622"]
[Black "Wieczorek, Zbigniew"]
[BlackFideId "1102001"]
[WhiteElo "2568"]
[BlackElo "2306"]
[Result "1-0"]
[Round "3"]
[TimeControl "180+2"]
[Date "2023.06.13"]
[WhiteClock "0:02:26"]
[BlackClock "0:02:12"]
[Board "143"]

1. d4 Nf6 2. c4 g6 3. g3 Bg7 4. Bg2 d6 5. Nf3 O-O 6. O-O Nbd7 7. Nc3 e5 8. e4 Re8 9. Re1 exd4 10. Nxd4 Nc5 11. Qc2 Ng4 12. Nb3 Nxb3 13. axb3 c6 14. h3 Ne5 15. f4 Nd7 16. Be3 a6 17. Rad1 Qc7 18. b4 b5 19. cxb5 cxb5 20. e5 1-0


[Site "https://www.chess.com"]

[Event "Titled Tuesday Blitz June 13 Early 2023"]
[White "Gavrilov, Maxim"]
[Black "Sarkar, Justin"]
[WhiteFideId "24271454"]
[BlackFideId "2010011"]
[WhiteElo "1969"]
[BlackElo "2151"]
[Result "0-1"]
[Round "3"]
[TimeControl "180+2"]
[Date "2023.06.13"]
[WhiteClock "0:00:17"]
[BlackClock "0:00:13"]
[Board "144"]

1. d4 a6 2. e4 g6 3. Nf3 Bg7 4. c4 c5 5. d5 b5 6. cxb5 axb5 7. e5 b4 8. Nbd2 d6 9. Bb5+ Bd7 10. Bxd7+ Nxd7 11. e6 fxe6 12. dxe6 Ne5 13. O-O Nh6 14. Nxe5 Bxe5 15. Nf3 Bg7 16. Ng5 O-O 17. Qd5 Rf5 18. Qd3 d5 19. Be3 c4 20. Qe2 d4 21. Rfd1 d3 22. Qd2 c3 23. Qxd3 Qxd3 24. Rxd3 cxb2 25. Rad1 Rxa2 26. Rd8+ Rf8 27. R8d7 Ra1 0-1


[Site "https://www.chess.com"]

[Event "Titled Tuesday Blitz June 13 Early 2023"]
[White "Zaksaite, Salomeja"]
[Black "Srdanovic, Jovana"]
[WhiteFideId "12801496"]
[BlackFideId "954810"]
[WhiteElo "2059"]
[BlackElo "2155"]
[Result "1-0"]
[Round "3"]
[TimeControl "180+2"]
[Date "2023.06.13"]
[WhiteClock "0:00:04"]
[BlackClock "0:00:02"]
[Board "145"]

1. e4 e5 2. Nf3 Nc6 3. Bc4 Bc5 4. d3 Nf6 5. Nbd2 d6 6. c3 h6 7. h3 a6 8. Bb3 Ba7 9. Nf1 d5 10. Qe2 dxe4 11. dxe4 Qe7 12. g4 Be6 13. Ng3 O-O-O 14. Nf5 Bxf5 15. gxf5 g6 16. fxg6 fxg6 17. Be3 Bxe3 18. Qxe3 Nh5 19. Bd5 Nf4 20. Rg1 Nxd5 21. exd5 Rxd5 22. Rxg6 e4 23. Nd2 Re8 24. O-O-O Rd3 25. Qxh6 e3 26. fxe3 Rxe3 27. Rg7 Qe5 28. Nc4 Rxc3+ 29. bxc3 Qxc3+ 30. Kb1 Qxc4 31. Qh7 Nb4 32. Rg2 Kb8 33. Qd7 Rc8 34. Qd4 Qb5 35. Rb2 Qc6 36. Qxb4 Qg6+ 37. Ka1 b6 38. Rdb1 Qc6 39. Qb3 Ka7 40. Rc2 Qe6 41. Qxe6 Rb8 42. Qd7 Rb7 43. Rxc7 a5 44. Rxb7+ Ka8 45. R7xb6 a4 46. Qb7# 1-0


[Site "https://www.chess.com"]

[Event "Titled Tuesday Blitz June 13 Early 2023"]
[White "Camilla_Lee"]
[Black "Bommini Mounika Akshaya"]
[BlackFideId "25019872"]
[WhiteElo "2564"]
[BlackElo "2087"]
[Result "1-0"]
[Round "3"]
[TimeControl "180+2"]
[Date "2023.06.13"]
[WhiteClock "0:00:05"]
[BlackClock "0:00:00"]
[Board "146"]

1. e4 Nc6 2. d4 e5 3. dxe5 Nxe5 4. Nc3 Ng6 5. Be3 Nf6 6. f3 d6 7. Qd2 Be7 8. O-O-O O-O 9. Bc4 a6 10. h4 b5 11. Bb3 h5 12. g4 hxg4 13. h5 Ne5 14. f4 b4 15. fxe5 bxc3 16. Qxc3 Nxe4 17. Qc6 Bf5 18. Ne2 Bg5 19. Nf4 Rb8 20. Qxa6 Qe8 21. exd6 cxd6 22. Rhe1 Rc8 23. Nd5 Qd8 24. Kb1 Re8 25. Bd4 Nd2+ 26. Ka1 Nxb3+ 27. cxb3 Rxe1 28. Rxe1 Qd7 29. Nb6 Re8 30. Rxe8+ Qxe8 31. Qa8 Qxa8 32. Nxa8 g3 33. Nc7 g2 34. a4 Bf6 35. Bg1 Bd8 36. Nd5 Bc2 37. Ka2 Be4 38. Nc3 d5 39. b4 Bf3 40. a5 Bc7 41. a6 d4 42. a7 dxc3 43. bxc3 Ba8 44. c4 Bd6 45. c5 Bg3 46. b5 1-0


[Site "https://www.chess.com"]

[Event "Titled Tuesday Blitz June 13 Early 2023"]
[White "Levitan, Caleb Levi"]
[Black "Prem, Pranav"]
[WhiteFideId "14332620"]
[BlackFideId "30901057"]
[WhiteElo "1963"]
[BlackElo "1970"]
[Result "1-0"]
[Round "3"]
[TimeControl "180+2"]
[Date "2023.06.13"]
[WhiteClock "0:00:04"]
[BlackClock "0:00:05"]
[Board "147"]

1. e4 c5 2. Nf3 d6 3. d4 cxd4 4. Qxd4 Nc6 5. Bb5 Bd7 6. Bxc6 Bxc6 7. Nc3 Nf6 8. Bg5 e6 9. O-O-O Be7 10. e5 dxe5 11. Nxe5 Qxd4 12. Rxd4 Bxg2 13. Rg1 Bd5 14. Bxf6 gxf6 15. Nxd5 fxe5 16. Nc7+ Kf8 17. Rd7 Rd8 18. Rgd1 Rxd7 19. Rxd7 Rg8 20. Nb5 a6 21. Nc3 Rg2 22. Rxb7 Rxf2 23. b4 Rxh2 24. a4 Rh4 25. b5 axb5 26. Rxb5 h5 27. a5 Rc4 28. Rb8+ Kg7 29. a6 Bc5 30. Nb5 Ra4 31. Nc7 h4 32. Kb2 h3 33. Ne8+ Kg6 34. Rb5 Bd4+ 35. c3 Rxa6 36. cxd4 exd4 37. Rb3 f5 38. Rxh3 Ra8 39. Nc7 Kf6 40. Nxa8 e5 41. Nb6 Ke6 42. Kc2 Kd6 43. Kd3 Kc5 44. Rh5 Kxb6 45. Rxf5 Kc6 46. Rxe5 1-0


[Site "https://www.chess.com"]

[Event "Titled Tuesday Blitz June 13 Early 2023"]
[White "Budrewicz, Krzysztof"]
[Black "Vila Dupla, Aurelio"]
[WhiteFideId "1127950"]
[BlackFideId "2203383"]
[WhiteElo "2230"]
[BlackElo "2009"]
[Result "1-0"]
[Round "3"]
[TimeControl "180+2"]
[Date "2023.06.13"]
[WhiteClock "0:01:35"]
[BlackClock "0:00:17"]
[Board "148"]

1. d4 Nf6 2. c4 g6 3. Nc3 d5 4. Nf3 Bg7 5. Bf4 O-O 6. e3 c5 7. dxc5 Ne4 8. Rc1 Nxc3 9. bxc3 dxc4 10. Qxd8 Rxd8 11. Bxc4 Bf5 12. O-O Nd7 13. c6 bxc6 14. Bc7 Rdc8 15. Ba5 Nb6 16. Ba6 Rd8 17. Nd4 Bd7 18. Rfd1 Rab8 19. Nb3 Nd5 20. Bxd8 Rxd8 21. c4 Nb4 22. Nc5 Nxa6 23. Nxa6 Kf8 24. Nc5 Ke8 25. Nxd7 Rxd7 26. Rxd7 Kxd7 27. Kf1 e5 28. Ke2 e4 29. Rb1 Kc7 30. f3 exf3+ 31. gxf3 Be5 32. Kd3 h5 33. h3 Bd6 34. Kd4 Bf8 35. e4 Bg7+ 36. e5 Bf8 37. f4 Be7 38. Ke4 Bc5 39. f5 Bb6 40. e6 gxf5+ 41. Kxf5 fxe6+ 42. Kxe6 h4 43. Rf1 Be3 44. Rf7+ Kb6 45. Rh7 Bf2 46. Ke5 Kc5 47. Rxa7 Kxc4 48. Rf7 Bg3+ 49. Ke4 Kb4 50. Kd3 c5 51. Kc2 c4 52. Rf3 Be5 53. Rf7 Bd4 54. Rb7+ Kc5 55. a4 Bf2 56. a5 Bg3 57. a6 Kc6 58. Rb4 Bf2 59. Rxc4+ Kb5 60. Rf4 Bb6 61. Rxh4 Kxa6 62. Rh6 Kb5 63. Kd3 1-0


[Site "https://www.chess.com"]

[Event "Titled Tuesday Blitz June 13 Early 2023"]
[White "agvania123"]
[Black "Skawinski, Arkadiusz"]
[BlackFideId "1126415"]
[WhiteElo "2262"]
[BlackElo "2218"]
[Result "0-1"]
[Round "3"]
[TimeControl "180+2"]
[Date "2023.06.13"]
[WhiteClock "0:00:37"]
[BlackClock "0:00:50"]
[Board "149"]

1. c4 e6 2. d4 d5 3. cxd5 exd5 4. Nc3 c6 5. Nf3 Bd6 6. g3 Bf5 7. Bg2 Nd7 8. O-O Ngf6 9. Bg5 h6 10. Bxf6 Nxf6 11. e3 O-O 12. Rc1 a5 13. Na4 Nd7 14. Nc5 Nxc5 15. dxc5 Bc7 16. Nd4 Bg6 17. Qb3 Rb8 18. Rfd1 Qe7 19. Qc3 Be4 20. f3 Bh7 21. Re1 Rfe8 22. Qd2 Qf6 23. Rc3 Be5 24. Kf2 Re7 25. f4 Rbe8 26. Rcc1 g5 27. Bf3 gxf4 28. gxf4 Qh4+ 29. Kg2 Bxf4 30. exf4 Rxe1 31. Rxe1 Qxe1 32. Qxe1 Rxe1 33. Nb3 Rb1 34. Nxa5 Rxb2+ 35. Kg3 Bd3 36. a4 Ba6 37. f5 Kg7 38. Kf4 Kf6 39. h4 Rb4+ 40. Kg3 Kxf5 41. h5 Ke5 42. Bg2 Rxa4 43. Nb3 Ra3 44. Bf3 Rxb3 45. Kh2 Kf4 46. Bg2 Rb2 47. Kg1 Kg3 48. Kh1 Rb1+ 0-1


[Site "https://www.chess.com"]

[Event "Titled Tuesday Blitz June 13 Early 2023"]
[White "Tuleyeva-Aketayeva, Dana"]
[Black "Gontcharov, Vladislav"]
[WhiteFideId "13701932"]
[BlackFideId "4123492"]
[WhiteElo "2030"]
[BlackElo "2420"]
[Result "1/2-1/2"]
[Round "3"]
[TimeControl "180+2"]
[Date "2023.06.13"]
[WhiteClock "0:00:10"]
[BlackClock "0:00:17"]
[Board "150"]

1. d4 Nf6 2. Nf3 e6 3. g3 c5 4. Bg2 d5 5. O-O Nc6 6. c4 dxc4 7. dxc5 Qxd1 8. Rxd1 Bxc5 9. Nbd2 c3 10. bxc3 O-O 11. Nb3 Bb6 12. Ba3 Re8 13. c4 Ne4 14. c5 Bc7 15. Nfd4 Nxd4 16. Nxd4 Nc3 17. Re1 Be5 18. e3 Rb8 19. c6 Nd5 20. Bxd5 exd5 21. Rab1 bxc6 22. Rxb8 Bxb8 23. Nxc6 Bh3 24. Ne7+ Kh8 25. Nxd5 Be5 26. Bc5 a6 27. f4 Be6 28. Nb6 Bc7 29. a4 Bxb6 30. Bxb6 Rc8 31. a5 h5 32. Re2 Rc1+ 33. Kf2 Bc4 34. Rd2 Rf1+ 35. Kg2 Re1 36. Rd8+ Kh7 37. Rd2 Bb5 38. h3 Kg6 39. g4 hxg4 40. hxg4 Bc6+ 41. Kf2 Rh1 42. g5 Rh2+ 43. Ke1 Rxd2 44. Kxd2 Kf5 45. Bd4 f6 46. gxf6 gxf6 47. Kc3 Bb5 48. Kb4 Ke6 49. Kc5 f5 50. Be5 Be2 51. Kd4 Bb5 52. e4 Bf1 53. exf5+ Kxf5 54. Kd5 Bb5 55. Kc5 Bf1 56. Kb4 Bb5 57. Kc3 Bf1 58. Kd2 Bb5 59. Ke3 Bc6 60. Kd4 Bb5 61. Bd6 Bf1 62. Kc5 1/2-1/2


[Site "https://www.chess.com"]

[Event "Titled Tuesday Blitz June 13 Early 2023"]
[White "Deng, Henry"]
[Black "EdmundPlayer"]
[WhiteFideId "30965454"]
[WhiteElo "2557"]
[BlackElo "2249"]
[Result "1-0"]
[Round "3"]
[TimeControl "180+2"]
[Date "2023.06.13"]
[WhiteClock "0:00:24"]
[BlackClock "0:00:00"]
[Board "151"]

1. e4 e6 2. d4 d5 3. Nd2 h6 4. Ngf3 Nf6 5. e5 Nfd7 6. Bd3 c5 7. c3 Nc6 8. O-O g5 9. Nb1 g4 10. Ne1 cxd4 11. cxd4 h5 12. Be3 Qb6 13. Nd2 Qxb2 14. Nc2 Qb6 15. f3 Bh6 16. Bxh6 Rxh6 17. Rb1 Qd8 18. fxg4 Qh4 19. Qf3 Nd8 20. gxh5 Rxh5 21. h3 Qg5 22. Rf2 Rh8 23. Ne3 Qg7 24. Rc1 b6 25. Bb5 a6 26. Nxd5 exd5 27. Qxd5 axb5 28. Qxa8 Bb7 29. Qa3 Rxh3 30. Qxh3 Bd5 31. Rc7 Ne6 32. Rc8+ Ke7 33. Qh4+ Ng5 34. Rf5 f6 35. exf6+ Nxf6 36. Qxg5 Qxg5 37. Rxg5 Kd7 38. Rf8 1-0


[Site "https://www.chess.com"]

[Event "Titled Tuesday Blitz June 13 Early 2023"]
[White "Omelja, Artem"]
[Black "rionelG"]
[WhiteFideId "14119846"]
[WhiteElo "2404"]
[BlackElo "2236"]
[Result "1-0"]
[Round "3"]
[TimeControl "180+2"]
[Date "2023.06.13"]
[WhiteClock "0:00:17"]
[BlackClock "0:00:01"]
[Board "152"]

1. e4 c5 2. Nf3 d6 3. Bb5+ Nd7 4. d4 Nf6 5. e5 cxd4 6. Qxd4 dxe5 7. Nxe5 a6 8. Nxd7 Bxd7 9. Bd3 Bc6 10. Qxd8+ Rxd8 11. O-O e6 12. a3 Be7 13. b4 O-O 14. Bb2 Nd7 15. Nd2 Bf6 16. Bxf6 Nxf6 17. Nb3 Rd6 18. Nc5 Rfd8 19. h3 Kf8 20. a4 Rd5 21. Rfb1 a5 22. Ne4 axb4 23. Nxf6 gxf6 24. Rxb4 f5 25. Rab1 Ra8 26. Bb5 Bxb5 27. Rxb5 Rxb5 28. Rxb5 Rxa4 29. Rxb7 Rc4 30. Rb8+ Kg7 31. Rb2 Kf6 32. Kf1 f4 33. Ke2 Ke5 34. Kd3 Rd4+ 35. Ke2 Rc4 36. Rb5+ Kf6 37. Kd3 Rc6 38. c4 e5 39. c5 Kf5 40. Kc4 Ke4 41. Rb1 f6 42. Re1+ Kf5 43. Kd5 Rc8 44. c6 Rd8+ 45. Kc5 Rd2 46. c7 Rc2+ 47. Kd6 Rd2+ 48. Ke7 Rc2 49. Kd7 Rd2+ 50. Kc8 Rxf2 51. Rb1 Rxg2 52. Kb7 Rg7 53. Kc6 Rg8 54. Rb8 Rg1 55. c8=Q+ Ke4 56. Rb4+ Ke3 57. Qf5 Rc1+ 58. Kd6 Ra1 59. Qe4+ Kf2 60. Rb2+ Kg3 61. Qg2+ Kh4 62. Qg4# 1-0


[Site "https://www.chess.com"]

[Event "Titled Tuesday Blitz June 13 Early 2023"]
[White "Pinheiro, Iung Alicio de O."]
[Black "Escudero Donoso, Felipe"]
[WhiteFideId "2104350"]
[BlackFideId "3410595"]
[WhiteElo "2283"]
[BlackElo "2184"]
[Result "1-0"]
[Round "3"]
[TimeControl "180+2"]
[Date "2023.06.13"]
[WhiteClock "0:00:19"]
[BlackClock "0:00:02"]
[Board "153"]

1. e4 c6 2. Nc3 d5 3. Nf3 Nf6 4. e5 Ne4 5. Ne2 Qb6 6. d4 Bg4 7. Nfg1 Bxe2 8. Bxe2 h6 9. f3 Ng5 10. h4 Ne6 11. f4 Qxd4 12. Nf3 Qb6 13. Qd3 Nd7 14. Be3 Qxb2 15. O-O Ndc5 16. Qd2 Ne4 17. Qd3 N6c5 18. Bxc5 Nxc5 19. Qe3 e6 20. Nd4 Ne4 21. Nb3 Qc3 22. Bd3 a5 23. Qf3 a4 24. Bxe4 Qxf3 25. Bxf3 axb3 26. axb3 Bc5+ 27. Kh2 Kd7 28. g3 Bd4 29. Rxa8 Rxa8 30. Be2 Ra2 31. Bd3 c5 32. Kh3 g6 33. h5 gxh5 34. Kh4 c4 35. bxc4 dxc4 36. Be4 b6 37. Kxh5 Kc7 38. Kxh6 Ra3 39. g4 Rh3+ 40. Kg5 b5 41. Kf6 Rg3 42. g5 b4 43. Kxf7 Kd7 44. g6 b3 45. cxb3 cxb3 46. g7 b2 47. g8=Q 1-0


[Site "https://www.chess.com"]

[Event "Titled Tuesday Blitz June 13 Early 2023"]
[White "Acikel, Mert"]
[Black "Zavgorodniy, Sergiy"]
[WhiteFideId "12956465"]
[BlackFideId "14110148"]
[WhiteElo "2097"]
[BlackElo "2402"]
[Result "0-1"]
[Round "3"]
[TimeControl "180+2"]
[Date "2023.06.13"]
[WhiteClock "0:01:41"]
[BlackClock "0:02:39"]
[Board "154"]

1. e4 c6 2. Nc3 d5 3. Nf3 Bg4 4. h3 Bxf3 5. Qxf3 dxe4 6. Nxe4 Nd7 7. d4 Ngf6 8. Nxf6+ Nxf6 9. c3 e6 10. Be2 Be7 11. O-O O-O 12. Rd1 Nd5 13. Bd2 Bg5 14. Rac1 Bxd2 15. Rxd2 Qg5 16. Rcd1 b5 17. Bf1 a5 18. Kh1 a4 19. g3 a3 20. b3 b4 21. c4 Nc3 22. Qxc6 Nxd1 23. Rxd1 Rac8 24. Qe4 Rfd8 25. Bg2 Qf6 26. Qe3 Rc7 27. Rd3 Rcd7 28. c5 Rxd4 0-1


[Site "https://www.chess.com"]

[Event "Titled Tuesday Blitz June 13 Early 2023"]
[White "le-castor-faineant"]
[Black "Parondo, Rolly"]
[BlackFideId "5217407"]
[WhiteElo "2200"]
[BlackElo "2141"]
[Result "0-1"]
[Round "3"]
[TimeControl "180+2"]
[Date "2023.06.13"]
[WhiteClock "0:00:07"]
[BlackClock "0:00:19"]
[Board "155"]

1. e4 c5 2. Nf3 g6 3. c3 Bg7 4. d4 cxd4 5. cxd4 d5 6. e5 Bg4 7. Be2 e6 8. O-O Ne7 9. Nc3 O-O 10. Bg5 h6 11. Bh4 a6 12. Qd2 Bxf3 13. Bxf3 Qd7 14. Bf6 b5 15. Ne2 Nbc6 16. Rac1 Rfc8 17. Rc5 Bf8 18. Rfc1 Nf5 19. g4 Nfe7 20. Nf4 Na7 21. Nd3 Kh7 22. Rxc8 Rxc8 23. Rxc8 Naxc8 24. Nc5 Qa7 25. Qa5 Nc6 26. Qxa6 Qxa6 27. Nxa6 Nxd4 28. Bd1 Na7 29. Nc7 Nac6 30. a4 bxa4 31. Bxa4 Bg7 32. g5 Nxe5 33. Bxg7 Kxg7 34. gxh6+ Kxh6 35. b4 Ne2+ 36. Kf1 Nc3 37. Be8 Kg7 38. b5 Na4 39. Na8 Nc4 40. Bc6 Kf8 41. Ke2 Ke7 42. Kd3 Ne5+ 43. Kd4 Kd6 44. Be8 Nc5 45. b6 Nb3+ 46. Kc3 Na5 47. Kb4 Nb7 48. Kb5 d4 49. Ka6 Nc5+ 50. Ka7 d3 51. Bb5 d2 52. Be2 Nc6# 0-1


[Site "https://www.chess.com"]

[Event "Titled Tuesday Blitz June 13 Early 2023"]
[White "Fernandez Sanchez, Mario Andres"]
[Black "Malyi, Viacheslav"]
[WhiteFideId "6501621"]
[BlackFideId "14123983"]
[WhiteElo "2050"]
[BlackElo "2291"]
[Result "0-1"]
[Round "3"]
[TimeControl "180+2"]
[Date "2023.06.13"]
[WhiteClock "0:00:00"]
[BlackClock "0:00:05"]
[Board "156"]

1. d4 Nf6 2. Bf4 e6 3. Nc3 d5 4. Nb5 Na6 5. e3 c6 6. Nc3 Bd6 7. Nf3 O-O 8. a3 Ne4 9. Bd3 f5 10. O-O Nc7 11. Bxd6 Qxd6 12. Ne5 Ne8 13. Ne2 N8f6 14. c4 Nd7 15. Nf3 Ndf6 16. b4 Bd7 17. Ne5 Be8 18. f3 Ng5 19. Qc2 Nf7 20. f4 Ne4 21. Bxe4 fxe4 22. c5 Qe7 23. h3 Nh6 24. g4 Bd7 25. Kg2 Nf7 26. Ng3 Nxe5 27. dxe5 Qh4 28. Qf2 a5 29. Nxe4 Qe7 30. Nd6 Rfb8 31. e4 b6 32. cxb6 dxe4 33. b7 Ra6 34. Qc5 Qd8 35. Rfd1 Qc7 36. Rac1 axb4 37. axb4 Ra2+ 38. Kg3 Ra3+ 39. Kh2 Qd8 40. Nc4 Ra2+ 41. Rd2 Rxd2+ 42. Nxd2 Rxb7 43. Nxe4 Rb5 44. Qc4 Rd5 45. Rc2 h6 46. Rd2 Qa8 47. Qe2 Qa3 48. Rxd5 cxd5 49. Nc5 Bc8 50. Qd2 Qf3 51. f5 exf5 52. e6 fxg4 53. hxg4 Qxg4 54. Qxd5 Qh4+ 55. Kg1 Qg3+ 56. Kf1 Kh7 57. Qe4+ Kh8 58. e7 Bh3+ 59. Ke2 Bg4+ 60. Kd2 Bh5 61. e8=Q+ Bxe8 62. Qxe8+ Kh7 63. Qe4+ Kh8 0-1


[Site "https://www.chess.com"]

[Event "Titled Tuesday Blitz June 13 Early 2023"]
[White "Shevtchenko, Olesya"]
[Black "Osuna Vega, Enrique"]
[WhiteFideId "24131890"]
[BlackFideId "2219549"]
[WhiteElo "2003"]
[BlackElo "2175"]
[Result "1-0"]
[Round "3"]
[TimeControl "180+2"]
[Date "2023.06.13"]
[WhiteClock "0:00:32"]
[BlackClock "0:00:00"]
[Board "157"]

1. e4 d6 2. d4 Nf6 3. Nc3 e5 4. Nf3 Nbd7 5. Bc4 Be7 6. a4 O-O 7. O-O a5 8. h3 c6 9. Re1 Nb6 10. Bb3 Nfd7 11. Be3 exd4 12. Bxd4 Nc5 13. Bxc5 dxc5 14. Qe2 Qd6 15. e5 Qg6 16. Kh1 c4 17. Bxc4 Nxc4 18. Qxc4 Qxc2 19. Qf4 Qxf2 20. Re2 Qc5 21. Ne4 Qb4 22. Rf1 h6 23. Nfd2 Be6 24. Ref2 Rad8 25. b3 Bxb3 26. Rb1 Rd3 27. Rf3 Rxf3 28. Qxf3 Qxa4 29. Rxb3 b5 30. Qg4 Qa1+ 31. Rb1 Qxe5 32. Nf3 Qd5 33. Ng3 Bf6 34. Nh5 Bc3 35. Rc1 Qb3 36. Nh4 a4 37. Qg3 1-0


[Site "https://www.chess.com"]

[Event "Titled Tuesday Blitz June 13 Early 2023"]
[White "Sailer, Mike"]
[Black "Parpiev, Isaak"]
[WhiteFideId "2012901"]
[BlackFideId "34281576"]
[WhiteElo "2109"]
[BlackElo "2167"]
[Result "0-1"]
[Round "3"]
[TimeControl "180+2"]
[Date "2023.06.13"]
[WhiteClock "0:00:00"]
[BlackClock "0:00:37"]
[Board "158"]

1. d4 Nf6 2. Bg5 d5 3. Bxf6 exf6 4. e3 c6 5. c4 Bd6 6. cxd5 cxd5 7. Nc3 Be6 8. Qb3 O-O 9. Qxb7 Nd7 10. Qb3 Rb8 11. Qc2 Qa5 12. Bd3 h5 13. Ne2 h4 14. h3 Rfc8 15. O-O Nf8 16. Nf4 g5 17. Nxe6 Nxe6 18. Bf5 Kg7 19. Rfc1 Qb4 20. Rab1 Bc7 21. Qe2 Qd6 22. f4 gxf4 23. Qg4+ Kf8 24. Bxe6 Qxe6 25. Qxe6 fxe6 26. e4 Bb6 27. exd5 Bxd4+ 28. Kf1 exd5 29. Nxd5 Rxc1+ 30. Rxc1 Rxb2 31. Nxf4 Rf2+ 32. Ke1 Rxf4 33. Rc8+ Kf7 34. Rc7+ Kg6 0-1


[Site "https://www.chess.com"]